 Dungeon Crawl Stone Soup version 0.29.1-2-gbd0b4ee654 (webtiles) character file.

Game seed: 4968306862075817817

953 styxcanada the Covert (level 7, 0/35 HPs)
             Began as a Spriggan Brigand on Oct 29, 2022.
             Slain by a wyvern (12 damage)
             ... on level 5 of the Dungeon.
             The game lasted 00:21:19 (5763 turns).

styxcanada the Covert (Spriggan Brigand)            Turns: 5763, Time: 00:21:20

Health: 0/35       AC:  7    Str:  7    XL:     7   Next: 90%
Magic:  12/12      EV: 18    Int: 13    God:
Gold:   317        SH:  0    Dex: 18    Spells: 7/12 levels left

rFire   . . .      SeeInvis +   a - +3 dagger
rCold   . . .      Faith    .   (no shield)
rNeg    . . .      Spirit   .   k - +0 steam dragon scales
rPois   .          Reflect  .   (helmet restricted)
rElec   .          Harm     .   c - +1 cloak
rCorr   .          Rampage  .   (gloves unavailable)
Will    +....                   (boots unavailable)
Stlth   ++++......              (no amulet)
HPRegen 0.11/turn               (no ring)
MPRegen 0.13/turn               (no ring)

@: very quick
A: very small, no large weapons, unfitting armour, see invisible, speed 3
a: no special abilities


You were on level 5 of the Dungeon.
You visited 2 branches of the dungeon, and saw 6 of its levels.

You collected 317 gold pieces.

Inventory:

Hand Weapons
 a - a +3 dagger (weapon)
 u - a +4 quarterstaff of chaos
Missiles
 d - 9 poisoned darts (quivered)
 e - 3 curare-tipped darts
 f - 22 stones
Armour
 b - a +0 robe
 c - a +1 cloak (worn)
 k - +0 steam dragon scales (worn)
Jewellery
 h - a ring of fire
Wands
 g - a wand of charming (12)
 j - a wand of roots (11)
 s - a wand of acid (10)
Scrolls
 m - a scroll of teleportation
 n - a scroll of blinking
 r - a scroll of identify
Potions
 i - 3 potions of curing
 l - a potion of might {unknown}
 q - a potion of ambrosia
 t - 3 potions of lignification
 v - a potion of brilliance


   Skills:
 * Level 2.7 Fighting
 + Level 3.3 Short Blades
 + Level 3.0 Throwing
 * Level 0.5 Armour
 * Level 3.6 Dodging
 * Level 9.7 Stealth
 * Level 3.3 Spellcasting
 * Level 1.1 Summonings
 * Level 2.1 Air Magic
 * Level 2.2 Poison Magic
 * Level 2.1 Evocations


You had 7 spell levels left.
You knew the following spells:

 Your Spells              Type           Power      Damage    Failure   Level
a - Poisonous Vapours     Pois/Air       14%        N/A       14%         2
b - Call Canine Familiar  Summ           5%         N/A       38%         3

Your spell library contained the following spells:

 Spells                   Type           Power      Damage    Failure   Level
 Scorch                   Fire           4%         2d5       34%         2
 Portal Projectile        Hex/Tloc       4%         N/A       56%         3
 Corpse Rot               Necr/Pois/Air  5%         N/A       77%         4
 Flame Wave               Conj/Fire      2%         2d4       92%         4
 Leda's Liquefaction      Hex/Erth       1%         N/A       92%         4
 Passage of Golubria      Tloc           2%         N/A       92%         4
 Alistair's Intoxication  Tmut/Pois      3%         N/A       98%         5
 Borgnjor's Vile Clutch   Necr/Erth      1%         N/A       99%         5
 Silence                  Hex/Air        2%         N/A       99%         5
 Eringya's Noxious Bog    Tmut/Pois      2%         N/A       100%        6
 Summon Cactus Giant      Summ           2%         N/A       100%        6
 Lehudib's Crystal Spear  Conj/Erth      1%         10d2      100%        8


Dungeon Overview and Level Annotations

Branches:
Dungeon (5/15)             Temple (1/1) D:4

Altars:
Ashenzari
Cheibriados
Dithmenos
Fedhas
Hepliaklqana
Makhleb
Nemelex Xobeh
Qazlal
Ru
Sif Muna
Trog
Uskayaw
Vehumet
Wu Jian
Xom
Yredelemnul
Zin
The Shining One


Innate Abilities, Weirdness & Mutations

You are very small and have problems with some larger weapons.
You are too small for most types of armour.
You have supernaturally acute eyesight. (SInv)
You cover ground extremely quickly. (Speed+++)


Message History

The scorpion looks even sicker.
You see here a poisoned dart.
You kill the scorpion!
Your Evocations skill increases to level 2!
Found a book of Scorching.
You pick up a book of Scorching and begin reading...
You add the spells Scorch, Flame Wave and Summon Cactus Giant to your library.
d - 8 poisoned darts (gained 1)
d - 9 poisoned darts (gained 1)
You start resting.
Magic restored.
HP restored.
You see here a quokka corpse.
There is a stone staircase leading down here.
You see here a +0 robe.
A scorpion comes into view.
l - a puce potion
There are no items here.
Found a club.
The helpless scorpion fails to defend itself.
You stick the scorpion like a pincushion!!!
You kill the scorpion!
Your Throwing skill increases to level 3!
A wyvern comes into view.
You see here 17 gold pieces.
You now have 317 gold pieces (gained 17).
You see here a +0 club.
Found a rapier.
The wyvern hisses angrily.
The wyvern closely misses you.
You hit the wyvern but do no damage. The wyvern bites you!
The wyvern closely misses you.
You completely miss the wyvern. The wyvern bites you.
You hit the wyvern but do no damage. The wyvern completely misses you.
You barely miss the wyvern. The wyvern bites you!
You closely miss the wyvern. The wyvern barely misses you.
You hit the wyvern.
The wyvern is moderately wounded.
The wyvern bites you!
You die...

.#...####..#.###...##..#..#.
.............# #.#.##....†#.
##..†####..###...#..........#
##.............####.#######.....
†..<...##..###...#).# ....
.#..##.##..# # #.#..# ...
...###.##..# #....# .. #.##
#.##..# #..#.# . ### #.##..#
#@.#.# #.##..# #l.#.# #.##..#
#..#.# #... .....# #.## ..)...#
... ....... #.#...## .. .#.#


You could see a wyvern.

Vanquished Creatures
  Sigmund (D:2)
  A steam dragon (D:5)
  Menkaure (D:5)
  A black bear (D:5)
  2 scorpions (D:5)
  2 hounds (D:4)
  Crazy Yiuf (D:3)
  Jessica (D:2)
  Ijyb (D:4)
  Natasha (D:2)
  7 gnolls
  5 adders
  2 worms
  2 orcs (D:4)
  5 endoplasms
  4 giant cockroaches
  9 goblins
  2 hobgoblins (D:1)
  5 jackals
  5 quokkas
  5 ball pythons
  5 bats
  4 frilled lizards
  6 kobolds
  4 rats
82 creatures vanquished.

Notes
Turn   | Place    | Note
-------+----------+-------------------------------------------
     0 | D:1      | styxcanada the Spriggan Brigand began the quest for the
                  | Orb.
     0 | D:1      | Reached XP level 1. HP: 10/10 MP: 2/2
    32 | D:1      | Reached skill level 6 in Stealth
   576 | D:1      | Reached XP level 2. HP: 15/15 MP: 3/3
  1389 | D:2      | Reached skill level 7 in Stealth
  1428 | D:2      | Noticed Jessica
  1432 | D:2      | Killed Jessica
  1433 | D:2      | Reached XP level 3. HP: 18/18 MP: 4/4
  1671 | D:2      | Learned a level 2 spell: Poisonous Vapours
  1697 | D:2      | Reached XP level 4. HP: 23/23 MP: 6/6
  1719 | D:2      | Reached skill level 1 in Spellcasting
  2092 | D:2      | Found a faded altar of an unknown god.
  2330 | D:2      | Noticed Sigmund
  2367 | D:2      | Killed Sigmund
  2368 | D:2      | Reached skill level 8 in Stealth
  2368 | D:2      | Reached skill level 1 in Air Magic
  2368 | D:2      | Reached skill level 1 in Poison Magic
  2368 | D:2      | Reached XP level 5. HP: 12/26 MP: 6/8
  2734 | D:2      | Noticed Natasha
  2741 | D:2      | Killed Natasha
  2742 | D:2      | Reached XP level 6. HP: 30/30 MP: 9/9
  3701 | D:3      | Found a runed translucent door.
  3702 | D:3      | Noticed Crazy Yiuf
  3726 | D:3      | Killed Crazy Yiuf
  4115 | D:4      | Learned a level 3 spell: Call Canine Familiar
  4207 | D:4      | Found a sparkling altar of Nemelex Xobeh.
  4226 | D:4      | Noticed Ijyb
  4233 | D:4      | Killed Ijyb
  4393 | D:4      | Found a staircase to the Ecumenical Temple.
  4400 | Temple   | Entered the Ecumenical Temple
  4918 | D:4      | Reached skill level 1 in Evocations
  5153 | D:4      | Found a sacrificial altar of Ru.
  5258 | D:5      | Entered Level 5 of the Dungeon
  5259 | D:5      | Noticed a steam dragon
  5262 | D:5      | Killed a steam dragon
  5263 | D:5      | Reached skill level 9 in Stealth
  5263 | D:5      | Reached XP level 7. HP: 35/35 MP: 11/11
  5471 | D:5      | Noticed Menkaure
  5489 | D:5      | Killed Menkaure
  5490 | D:5      | Reached skill level 1 in Summonings
  5750 | D:5      | Noticed a wyvern
  5763 | D:5      | Slain by a wyvern

Illustrated notes

Levels and vault maps discovered:
D:1:      roderic_crossed_star, layout_basic
D:2:      layout_basic, hellmonk_ecumenical_altar_inner_sanctum, uniq_natasha,
          uniq_sigmund, uniq_jessica
D:3:      layout_basic, uniq_crazy_yiuf_cottage
D:4:      layout_basic, nemelex_dance_club_becter, overflow_temple_1_default,
          minmay_temple_entry_trees, cheibrodos_gnoll_hut, uniq_ijyb
D:5:      layout_loops_ring, chequers_jeans, st_stairs_7, uniq_menkaure
Temple:   nicolae_temple_elliptical

Skill      XL: |  1  2  3  4  5  6  7 |
---------------+----------------------+-----
Stealth        | 6 7 8 9 |  9.7
Fighting       | 2 |  2.7
Dodging        | 2 3 |  3.6
Spellcasting   | 1 2 3 |  3.3
Short Blades   | 3 |  3.3
Air Magic      | 1 2 |  2.1
Poison Magic   | 1 2 |  2.2
Evocations     | 1 2 |  2.1
Summonings     | 1 |  1.1
Throwing       | 3 |  3.0
Armour         | |  0.5

Action                   |  1- 3 |  4- 6 |  7- 9 || total
-------------------------+-------+-------+-------++-------
Melee: Dagger            |    69 |   120 |    20 ||   209
Throw: Dart              |    16 |    42 |     4 ||    62
 Cast: Poisonous Vapours |       |     9 |     2 ||    11
Evoke: Wand              |       |       |     4 ||     4
  Use: Potion            |       |     2 |       ||     2
       Scroll            |       |    14 |       ||    14
 Stab: Sleeping          |     7 |    17 |     3 ||    27
Armor: Robe              |     9 |     9 |       ||    18
Dodge: Dodged            |    40 |    89 |    13 ||   142
